 Dungeon Crawl Stone Soup version 0.28-a0-683-ga8797d1ae1 (webtiles) character file.

Game seed: 6063518503101542655

123 KoroneIsBestGirl the Shield-Bearer (level 5, -1/42 HPs)
             Began as a Formicid Fighter on Oct 18, 2021.
             Was a Follower of Wu Jian.
             Succumbed to a scorpion's poison
             ... on level 4 of the Dungeon.
             The game lasted 00:02:48 (2489 turns).

KoroneIsBestGirl the Shield-Bearer (FoFi)           Turns: 2489, Time: 00:02:48

Health: -1/42      AC:  7    Str: 19 (22) XL:     5   Next: 29%
Magic:  5/5        EV:  8    Int:  6 (7)  God:    Wu Jian [*.....]
Gold:   89         SH:  8    Dex:  7 (10) Spells: 4/4 levels left

rFire   . . .      SeeInvis +   a - +0 trident
rCold   . . .      Faith    .   i - +0 kite shield
rNeg    . . .      Spirit   .   b - +0 scale mail
rPois   .          Reflect  .   (helmet unavailable)
rElec   .          Harm     .   (no cloak)
rCorr   .          Rampage  .   (no gloves)
Will    .....                   (no boots)
Stlth   ..........              m - amulet of magic regeneration
HPRegen 0.14/turn               (no ring)
MPRegen 0.34/turn               (no ring)

@: lethally poisoned (-1 -> -9)
A: permanent stasis, dig shafts and tunnels, antennae 3, four strong arms
a: Dig, Shaft Self, Renounce Religion


You were on level 4 of the Dungeon.
You worshipped Wu Jian.
Wu Jian was aware of your devotion.
You visited 1 branch of the dungeon, and saw 4 of its levels.

You collected 89 gold pieces.

Inventory:

Hand Weapons
 a - a +0 trident (weapon)
Armour
 b - a +0 scale mail (worn)
 i - a +0 kite shield (worn)
Jewellery
 m - an amulet of magic regeneration (around neck)
Scrolls
 f - a scroll of vulnerability {unknown}
 g - a scroll of identify {unknown}
 j - a scroll of brand weapon {unknown}
Potions
 d - a potion of might
 e - a potion of lignification {unknown}
 h - a potion of resistance {unknown}
 k - a potion of mutation {unknown}
 l - a potion of heal wounds {unknown}


   Skills:
 + Level 4.1 Fighting
 + Level 2.7 Polearms
 + Level 4.1 Armour
 - Level 0.1 Dodging
 * Level 5.0 Shields


You had 4 spell levels left.
You didn't know any spells.
Your spell library was empty.

Dungeon Overview and Level Annotations

Branches:
Dungeon (4/15)
 Temple: D:4-7

Altars:
Elyvilon
Wu Jian


Innate Abilities, Weirdness & Mutations

You cannot be hasted, slowed, berserked, paralysed or teleported.
You can dig through walls and to a lower floor.
You have a pair of large antennae on your head. (SInv)
Your four strong arms can wield two-handed weapons with a shield.


Message History

You are too injured to fight recklessly!
You are too injured to fight recklessly!
You are too injured to fight recklessly!
You are too injured to fight recklessly!
You are too injured to fight recklessly!
You are too injured to fight recklessly!
You are too injured to fight recklessly!
You are too injured to fight recklessly!
You are too injured to fight recklessly!
You are too injured to fight recklessly!
You are too injured to fight recklessly!
You are too injured to fight recklessly!
You are too injured to fight recklessly!
You are too injured to fight recklessly!
You are too injured to fight recklessly!
You are too injured to fight recklessly!
You are too injured to fight recklessly!
You are too injured to fight recklessly!
You are too injured to fight recklessly!
You are too injured to fight recklessly!
You are too injured to fight recklessly!
You closely miss the scorpion.
The scorpion is almost dead.
You feel very sick. The scorpion stings you!
* * * LOW HITPOINT WARNING * * *
The giant cockroach bites you but does no damage.
You block the scorpion's attack.
You completely miss the scorpion.
The scorpion is almost dead.
* * * LOW HITPOINT WARNING * * *
You feel very sick. The giant cockroach bites you.
* * * LOW HITPOINT WARNING * * *
The scorpion stings you but does no damage.
The giant cockroach barely misses you.
It was a potion of degeneration.
There was something very wrong with that liquid.
You feel weakened.
You feel dopey.
You feel clumsy.
You die...

####...##
........##
.........#
.........##
..........###
......<.....#
......B.....#
#.....s@....#
#.......#####
##.....##
#....# ##..#
#.# ##


You could see a scorpion and a giant cockroach.

Vanquished Creatures
  A water moccasin skeleton (D:3)
  A river rat (D:3)
  A worm (D:3)
  2 orcs (D:3)
  5 ball pythons
  7 endoplasms
  2 giant cockroaches (D:3)
  4 goblins
  2 hobgoblins (D:1)
  9 jackals
  8 kobolds
  4 quokkas
  5 bats
  2 frilled lizards
  3 rats
56 creatures vanquished.

Notes
Turn   | Place    | Note
-------+----------+-------------------------------------------
     0 | D:1      | KoroneIsBestGirl the Formicid Fighter began the quest for
                  | the Orb.
     0 | D:1      | Reached XP level 1. HP: 18/18 MP: 1/1
    53 | D:1      | Reached skill level 4 in Shields
    89 | D:1      | Reached XP level 2. HP: 23/24 MP: 2/2
   444 | D:1      | Reached XP level 3. HP: 29/29 MP: 3/3
  1642 | D:3      | Found a white marble altar of Elyvilon.
  1711 | D:3      | Reached XP level 4. HP: 12/37 MP: 4/4
  1953 | D:3      | Reached XP level 5. HP: 42/42 MP: 5/5
  2348 | D:3      | Reached skill level 5 in Shields
  2433 | D:3      | Found a faded altar of an unknown god.
  2471 | D:3      | Prayed at the altar of an unknown god.
  2471 | D:3      | Became a worshipper of the Wu Jian Council
  2471 | D:3      | Reached * piety under Wu Jian
  2488 | D:4      | HP: 1/42 [giant cockroach (2)]
  2489 | D:4      | Succumbed to a scorpion's poison

Illustrated notes

Levels and vault maps discovered:
D:1:      elethiomel_arrival_quiet, layout_basic, kennysheep_nondescript,
          chequers_serial_rivers_micro_e
D:2:      layout_basic, interstate_on_off, minmay_misc_feat_roman
D:3:      layout_rooms, mainiacjoe_overflow_brackets,
          ebering_ecumenical_altar_webs, gup_sewer_entry_spiral
D:4:      layout_cave_pods, led_sif_book, nicolae_xom_altar_mimics,
          nicolae_overflow_hidden_temple, gammafunk_ghost_abyssal_escape,
          serial_shops, shop, grunt_ministairs_2, minmay_shop_damaged

Skill      XL: |  1  2  3  4  5 |
---------------+----------------+-----
Shields        | 4 5 |  5.0
Fighting       | 4 |  4.1
Armour         | 4 |  4.1
Polearms       | |  2.7
Dodging        | |  0.1

Action                   |  1- 3 |  4- 6 || total
-------------------------+-------+-------++-------
Melee: Trident           |   139 |    73 ||   212
  Use: Potion            |       |     1 ||     1
Armor: Scale mail        |    56 |    32 ||    88
Dodge: Dodged            |    48 |    26 ||    74
Block: Buckler           |     8 |       ||     8
       Kite shield       |    34 |    22 ||    56

Table legend: (Time is in decaauts)
 A = Elapsed time spent in this place.
 B = Non-inter-level travel time spent in this place.
 C = Inter-level travel time spent in this place.
 D = Time resting spent in this place.
 E = Time spent auto-exploring this place.
 F = Levels seen in this place.
 G = Mean time per level.
                   A        B        C        D        E       F      G
               +--------+--------+--------+--------+--------+-----+--------+
         Total |   2586 |   2482 |    104 |      0 |   1996 |   4 |  646.5 |
       Dungeon |   2586 |   2482 |    104 |      0 |   1996 |   4 |  646.5 |
               +--------+--------+--------+--------+--------+-----+--------+

Top non-repeatable levels by time:
     D:3: 913 daAuts
     D:1: 879 daAuts
     D:2: 783 daAuts
     D:4: 11 daAuts
